 Dungeon Crawl Stone Soup version 0.23.0-3-gf3c87f2 (webtiles) character file.

Game seed: 964590959149903043

62 sking99 the Cutter (level 4, 0/28 HPs)
             Began as a Kobold Abyssal Knight on Feb 23, 2019.
             Was a Believer of Lugonu.
             Slain by an ogre
             ... wielding a +0 giant club
              (24 damage)
             ... on level 4 of the Dungeon.
             The game lasted 00:04:54 (2118 turns).

sking99 the Cutter (Kobold Abyssal Knight)          Turns: 2118, Time: 00:04:55

Health: 0/28       AC:  5    Str: 10    XL:     4   Next: 28%
Magic:  6/6        EV: 13    Int: 13    God:    Lugonu [**....]
Gold:   109        SH:  0    Dex: 14    Spells: 3/3 levels left

rFire    . . .     SeeInvis .   a - +2 short sword (flame)
rCold    . . .     Gourm    .   (shield restricted)
rNeg     . . .     Faith    .   i - +0 ring mail
rPois    .         Spirit   .   (no helmet)
rElec    .         Reflect  .   (no cloak)
rCorr    .         Harm     .   (no gloves)
MR       .....                  (no boots)
Stlth    +.........             (no amulet)
HPRegen  0.09/turn              (no ring)
MPRegen  0.10/turn              (no ring)

@: no status effects
A: small, carnivore
a: Depart the Abyss, Bend Space, Renounce Religion


You were on level 4 of the Dungeon.
You worshipped Lugonu.
Lugonu was pleased with you.
You were completely stuffed.

You visited 1 branch of the dungeon, and saw 4 of its levels.
You visited the Abyss 1 time.

You collected 109 gold pieces.

Inventory:

Hand Weapons
 a - a +2 short sword of flaming (weapon)
 b - a +0 hunting sling
 l - a +1 short sword
Missiles
 m - 75 stones (quivered)
Armour
 g - a +0 leather armour
 i - a +0 ring mail (worn)
Scrolls
 d - a scroll of teleportation {unknown}
 h - 3 scrolls of identify {unknown}
 j - a scroll of noise {unknown}
 k - a scroll of enchant armour {unknown}
 o - a scroll of immolation {unknown}
 p - 4 scrolls of remove curse {unknown}
 r - a scroll of magic mapping {unknown}
Potions
 e - a potion of curing {unknown}
 f - a potion of heal wounds {unknown}
 n - a potion of agility {unknown}
 q - a potion of lignification {unknown}
 t - a potion of degeneration {unknown}
Comestibles
 c - 6 rations
 s - a chunk of flesh


   Skills:
 - Level 3.3 Fighting
 * Level 4.3 Short Blades
 - Level 0.8 Armour
 + Level 3.2 Dodging
 + Level 2.8 Invocations


You had 3 spell levels left.
You didn't know any spells.
Your spell library was empty.

Dungeon Overview and Level Annotations

Branches:
Dungeon (4/15)
 Temple: D:4-7

Altars:
Gozag

Annotations:
D:3 Sigmund


Innate Abilities, Weirdness & Mutations

You are small and have problems with some larger weapons.
You are carnivorous and can eat meat at any time.


Message History

A howler monkey comes into view.
The howler monkey hoots and howls with incredible vigour!
The howler monkey hoots and howls with incredible vigour!
You hit the ogre. You burn the ogre.
The ogre is moderately wounded.
The ogre hits you with a +0 giant club!
The howler monkey hoots and howls with incredible vigour!
You hear a shout!
The howler monkey hoots and howls with incredible vigour!
The howler monkey hoots and howls with incredible vigour!
A worker ant comes into view.
The worker ant twitches its antennae in your direction.
You hit the worker ant. You burn the worker ant.
The worker ant is moderately wounded.
The worker ant closely misses you.
You hit the worker ant. You burn the worker ant.
The worker ant is severely wounded.
The ogre hits you with a +0 giant club!!
Ouch! That really hurt!
You die...

#............# ##
##........h...#
##.#####....#.##...##
#..#..##.....##.#.....
#..............(#.....
#..h.##..........##...
##..###.##......## ...
##.h####.......... ..
#...O@#.............
#..##.a............#.
##..##.#.............
#...#####.#...........
##...#######..........
#.#..#..###..........
...#....#..#....# ....
##..#....#.....####..#
........#..........###


You could see an ogre, a howler monkey and a worker ant.

Vanquished Creatures
  An adder (D:2)
  2 oozes (D:1)
  A dart slug (D:2)
  4 leopard geckos
  A giant cockroach (D:2)
  3 hobgoblins
  3 jackals
  A kobold (D:1)
  2 quokkas (D:2)
  4 bats
  A frilled lizard (D:2)
  8 goblins
  5 rats
36 creatures vanquished.

Notes
Turn   | Place    | Note
-------+----------+-------------------------------------------
     0 | Abyss:1  | sking99 the Kobold Abyssal Knight began the quest for the
                  | Orb.
     0 | Abyss:1  | Reached XP level 1. HP: 14/14 MP: 2/2
     6 | D:1      | Escaped the Abyss
   241 | D:1      | Reached skill level 3 in Short Blades
   241 | D:1      | Reached XP level 2. HP: 19/19 MP: 3/3
   464 | D:1      | Reached XP level 3. HP: 23/23 MP: 4/4
  1479 | D:2      | Reached ** piety under Lugonu
  1551 | D:2      | Reached skill level 4 in Short Blades
  1606 | D:2      | Reached XP level 4. HP: 28/28 MP: 4/6
  1897 | D:3      | Found an opulent altar of Gozag.
  1939 | D:3      | Noticed Sigmund
  2067 | D:4      | Noticed an ogre
  2118 | D:4      | Slain by an ogre

Skill      XL: |  1  2  3 |
---------------+----------+-----
Short Blades   | 3 4 |  4.3
Dodging        | 3 |  3.2
Fighting       | |  3.3
Armour         | |  0.8
Invocations    | |  2.8

Action                   |  1- 3 |  4- 6 || total
-------------------------+-------+-------++-------
Melee: Dagger            |    58 |       ||    58
       Short sword       |    18 |    19 ||    37
  Eat: Chunk             |    10 |     2 ||    12
Armor: Ring mail         |    13 |     3 ||    16
Dodge: Dodged            |    44 |     7 ||    51
